[ AOE2 MATCH · #469082189 ]
UnrankedBulgarians vs Bulgarians
[ REPLAY ANALYSIS · EXTRACTED FROM THE RECORDED GAME ]
Feudal
10:40
Castle
26:01
Imperial
—
| APM avg | 29.2 |
| APM peak | 53 |
| eAPM avg | 13.1 |
| Villagers / military | 60 / 35 |
Focus
⚔️ 28.9% · 🌾 71.1%
Militia ×17 · Archer ×9 · Konnik ×3 · Skirmisher ×3 · Battering Ram ×3
Feudal
9:41
Castle
28:31
Imperial
—
| APM avg | 44.7 |
| APM peak | 76 |
| eAPM avg | 22.6 |
| Villagers / military | 75 / 82 |
Focus
⚔️ 24.4% · 🌾 75.6%
Skirmisher ×33 · Militia ×22 · Spearman ×15 · Konnik ×5 · Archer ×4 · Battering Ram ×3
Feudal
8:31
Castle
30:34
Imperial
—
| APM avg | 22.6 |
| APM peak | 56 |
| eAPM avg | 14.3 |
| Villagers / military | 102 / 45 |
Focus
⚔️ 32.1% · 🌾 67.9%
Scout Cavalry ×23 · Archer ×18 · Militia ×2 · Knight ×1 · Mangonel ×1
Feudal
13:29
Castle
31:35
Imperial
—
| APM avg | 38.3 |
| APM peak | 77 |
| eAPM avg | 17.2 |
| Villagers / military | 47 / 70 |
Focus
⚔️ 19.9% · 🌾 80.1%
Militia ×56 · Skirmisher ×14
Match map
Initial resources + every placement click. Lines = walls · curves = elevation contours. ◆ gold · ⬟ stone · ● berries · ✦ relic · ◌ wall gap
Your base· Open — 8t gap
peterbrny's base· Open — unwalled flank
PeacefulFarmer's base· Open — 3t gap
unyagyu_QT's base· Open — unwalled flank
Smoothed initial terrain · ◌ = detected wall gap · hover for details
Inputs per minute
— Léon - - peterbrny
Build order — Léon
First 150 of 177 actions detected
| 0:02 | Build | House |
| 0:04 | Build | House |
| 0:05 | Research | Loom |
| 0:05 | Create | Villager (Male) |
| 0:24 | Create | Villager (Male) |
| 0:41 | Create | Villager (Male) |
| 0:55 | Create | Villager (Male) |
| 1:42 | Create | Villager (Male) |
| 2:01 | Build | House |
| 2:27 | Create | Villager (Male) |
| 2:43 | Create | Villager (Male) |
| 3:10 | Create | Villager (Male) |
| 3:38 | Create | Villager (Male) |
| 4:05 | Create | Villager (Male) |
| 4:26 | Create | Villager (Male) |
| 4:54 | Create | Villager (Male) |
| 4:55 | Create | Villager (Male) |
| 5:14 | Build | Lumber Camp |
| 5:16 | Create | Villager (Male) |
| 5:24 | Create | Villager (Male) |
| 5:25 | Create | Villager (Male) |
| 5:51 | Create | Villager (Male) |
| 6:11 | Create | Villager (Male) |
| 6:25 | Build | Mill |
| 6:45 | Build | House |
| 6:50 | Create | Villager (Male) |
| 7:46 | Create | Villager (Male) |
| 8:30 | Research | Feudal Age |
| 8:54 | Build | Barracks |
| 9:02 | Create | Villager (Male) |
| 9:46 | Build | House |
| 9:55 | Build | Palisade Wall |
| 10:32 | Build | Palisade Gate |
| 10:36 | Build | Palisade Wall |
| 10:40 | Age | Feudal Age |
| 10:49 | Create | Villager (Male) |
| 10:49 | Create | Villager (Male) |
| 11:11 | Build | Blacksmith |
| 11:16 | Build | House |
| 11:17 | Build | House |
| 11:30 | Build | Mining Camp |
| 11:33 | Create | Villager (Male) |
| 12:02 | Create | Villager (Male) |
| 12:31 | Build | House |
| 13:11 | Create | Villager (Male) |
| 13:20 | Build | Archery Range |
| 13:42 | Create | Militia |
| 13:48 | Build | Archery Range |
| 14:02 | Create | Militia |
| 14:12 | Create | Villager (Male) |
| 14:13 | Create | Villager (Male) |
| 14:24 | Create | Archer |
| 14:25 | Create | Archer |
| 14:35 | Build | House |
| 14:36 | Build | House |
| 14:40 | Build | House |
| 14:44 | Build | Palisade Wall |
| 14:49 | Build | House |
| 14:52 | Build | Palisade Wall |
| 14:57 | Create | Archer |
| 15:24 | Create | Archer |
| 15:28 | Research | Fletching |
| 16:27 | Build | Archery Range |
| 16:32 | Build | House |
| 16:35 | Build | House |
| 16:41 | Create | Villager (Male) |
| 16:54 | Build | Palisade Wall |
| 16:56 | Build | Palisade Wall |
| 17:16 | Create | Villager (Male) |
| 17:22 | Create | Archer |
| 17:28 | Build | Palisade Wall |
| 17:33 | Create | Villager (Male) |
| 17:34 | Create | Archer |
| 17:50 | Build | Farm |
| 17:51 | Build | Farm |
| 17:52 | Build | Farm |
| 17:54 | Build | Farm |
| 17:54 | Build | Farm |
| 17:55 | Build | Farm |
| 17:58 | Build | Farm |
| 17:59 | Build | Farm |
| 18:39 | Create | Villager (Male) |
| 18:57 | Build | Farm |
| 18:59 | Build | Farm |
| 19:07 | Build | Farm |
| 19:07 | Create | Villager (Male) |
| 19:22 | Build | Farm |
| 19:23 | Create | Villager (Male) |
| 19:27 | Build | Farm |
| 19:41 | Build | Farm |
| 19:52 | Create | Archer |
| 19:55 | Create | Militia |
| 20:05 | Create | Skirmisher |
| 20:06 | Create | Villager (Male) |
| 20:46 | Create | Militia |
| 21:02 | Create | Skirmisher |
| 21:05 | Create | Militia |
| 21:30 | Build | Market |
| 21:32 | Create | Villager (Male) |
| 21:33 | Create | Villager (Male) |
| 22:02 | Research | Padded Archer Armor |
| 22:15 | Research | Padded Archer Armor |
| 22:19 | Create | Skirmisher |
| 22:51 | Build | Archery Range |
| 23:14 | Create | Militia |
| 23:21 | Research | Castle Age |
| 23:28 | Create | Militia |
| 23:30 | Research | Scale Mail Armor |
| 23:41 | Build | Barracks |
| 23:46 | Research | Horse Collar |
| 23:56 | Create | Militia |
| 24:25 | Research | Forging |
| 24:30 | Build | Palisade Gate |
| 24:46 | Create | Villager (Male) |
| 25:02 | Create | Archer |
| 25:02 | Create | Archer |
| 26:01 | Age | Castle Age |
| 26:26 | Build | Farm |
| 26:27 | Build | Farm |
| 26:30 | Create | Militia |
| 26:30 | Create | Militia |
| 26:31 | Research | Gambesons |
| 27:05 | Build | Krepost |
| 27:15 | Create | Militia |
| 27:16 | Create | Militia |
| 27:41 | Research | Squires |
| 27:42 | Create | Villager (Male) |
| 27:49 | Create | Villager (Male) |
| 27:50 | Create | Villager (Male) |
| 27:55 | Create | Villager (Male) |
| 27:57 | Build | Farm |
| 27:57 | Build | Farm |
| 27:59 | Build | Farm |
| 28:01 | Build | Farm |
| 28:02 | Create | Villager (Male) |
| 28:03 | Build | Farm |
| 28:04 | Create | Villager (Male) |
| 28:21 | Build | Mining Camp |
| 28:23 | Research | Bodkin Arrow |
| 28:24 | Research | Scale Barding Armor |
| 28:41 | Create | Militia |
| 28:57 | Build | Siege Workshop |
| 28:59 | Create | Villager (Male) |
| 29:05 | Create | Villager (Male) |
| 29:18 | Create | Villager (Male) |
| 29:27 | Build | Town Center |
| 29:40 | Build | Mining Camp |
| 30:17 | Create | Villager (Male) |
| 30:24 | Build | Farm |
| 30:24 | Build | Farm |
Build order — peterbrny
First 150 of 188 actions detected
| 0:02 | Create | Villager (Male) |
| 0:02 | Create | Villager (Male) |
| 0:02 | Create | Villager (Male) |
| 0:02 | Create | Villager (Male) |
| 0:04 | Build | House |
| 0:05 | Build | House |
| 1:42 | Create | Villager (Male) |
| 1:42 | Create | Villager (Male) |
| 2:11 | Create | Villager (Male) |
| 2:29 | Create | Villager (Male) |
| 2:29 | Create | Villager (Male) |
| 3:29 | Create | Villager (Male) |
| 3:30 | Create | Villager (Male) |
| 3:40 | Create | Villager (Male) |
| 3:40 | Create | Villager (Male) |
| 3:52 | Build | Lumber Camp |
| 3:57 | Create | Villager (Male) |
| 3:58 | Create | Villager (Male) |
| 3:58 | Create | Villager (Male) |
| 4:04 | Build | House |
| 4:09 | Build | House |
| 4:14 | Create | Villager (Male) |
| 4:14 | Create | Villager (Male) |
| 4:14 | Create | Villager (Male) |
| 4:14 | Create | Villager (Male) |
| 5:26 | Create | Villager (Male) |
| 5:26 | Create | Villager (Male) |
| 5:27 | Create | Villager (Male) |
| 6:36 | Research | Loom |
| 6:53 | Build | Mill |
| 7:31 | Research | Feudal Age |
| 7:48 | Build | Palisade Gate |
| 8:04 | Build | Barracks |
| 8:54 | Build | Mining Camp |
| 8:56 | Create | Villager (Male) |
| 8:56 | Create | Villager (Male) |
| 9:01 | Create | Militia ×2 |
| 9:05 | Build | House |
| 9:06 | Build | House |
| 9:23 | Build | House |
| 9:41 | Age | Feudal Age |
| 9:46 | Create | Villager (Male) |
| 9:46 | Create | Villager (Male) |
| 9:46 | Create | Villager (Male) |
| 9:47 | Create | Villager (Male) |
| 10:10 | Build | Farm |
| 10:31 | Build | Farm |
| 10:34 | Create | Militia |
| 10:34 | Create | Militia |
| 10:40 | Build | Farm |
| 11:02 | Create | Militia |
| 11:22 | Create | Militia |
| 11:23 | Create | Militia |
| 11:39 | Create | Militia |
| 11:39 | Create | Militia |
| 11:58 | Build | Farm |
| 11:59 | Build | Farm |
| 12:00 | Build | Farm |
| 12:19 | Create | Militia |
| 12:20 | Create | Militia |
| 12:51 | Build | Archery Range |
| 13:09 | Research | Arson |
| 13:47 | Create | Skirmisher ×3 |
| 13:47 | Create | Skirmisher ×3 |
| 14:02 | Build | Farm |
| 14:05 | Build | Farm |
| 14:05 | Create | Villager (Male) |
| 14:24 | Create | Skirmisher |
| 14:24 | Create | Skirmisher |
| 14:34 | Create | Skirmisher |
| 14:34 | Create | Skirmisher |
| 15:14 | Create | Spearman |
| 15:31 | Create | Villager (Male) |
| 15:31 | Create | Villager (Male) |
| 15:31 | Create | Villager (Male) |
| 15:45 | Build | Blacksmith |
| 16:31 | Create | Spearman |
| 16:32 | Create | Spearman |
| 16:32 | Create | Spearman |
| 16:53 | Create | Villager (Male) |
| 16:53 | Create | Villager (Male) |
| 16:53 | Create | Villager (Male) |
| 16:56 | Research | Fletching |
| 17:07 | Build | Lumber Camp |
| 18:02 | Research | Forging |
| 18:25 | Create | Militia ×5 |
| 18:25 | Create | Militia ×5 |
| 18:25 | Create | Militia |
| 18:30 | Create | Skirmisher |
| 18:35 | Build | Farm |
| 18:38 | Build | Farm |
| 18:44 | Build | Farm |
| 18:47 | Build | Farm |
| 18:49 | Create | Villager (Male) |
| 18:50 | Create | Villager (Male) |
| 18:56 | Create | Archer ×2 |
| 18:56 | Create | Archer ×2 |
| 19:09 | Create | Villager (Male) |
| 19:09 | Create | Villager (Male) |
| 19:09 | Create | Villager (Male) |
| 19:13 | Build | Farm |
| 19:31 | Create | Spearman |
| 19:38 | Create | Spearman |
| 20:18 | Create | Skirmisher |
| 20:18 | Create | Skirmisher |
| 21:24 | Create | Villager (Male) |
| 21:25 | Create | Villager (Male) |
| 21:25 | Create | Villager (Male) |
| 21:25 | Create | Villager (Male) |
| 21:25 | Create | Villager (Male) |
| 21:26 | Create | Villager (Male) |
| 21:34 | Build | Farm |
| 21:39 | Research | Double-Bit Axe |
| 21:53 | Create | Skirmisher |
| 21:55 | Create | Spearman |
| 21:56 | Create | Spearman |
| 22:01 | Create | Villager (Male) |
| 22:02 | Create | Villager (Male) |
| 22:02 | Create | Villager (Male) |
| 22:10 | Build | House |
| 22:12 | Build | House |
| 22:16 | Build | House |
| 22:17 | Build | Palisade Wall |
| 22:31 | Build | Farm |
| 22:34 | Build | Farm |
| 23:42 | Build | Mining Camp |
| 24:10 | Create | Spearman |
| 24:10 | Create | Spearman |
| 24:59 | Create | Skirmisher |
| 25:00 | Create | Skirmisher |
| 25:51 | Research | Castle Age |
| 25:59 | Create | Villager (Male) |
| 25:59 | Create | Villager (Male) |
| 26:03 | Create | Skirmisher ×5 |
| 26:03 | Create | Skirmisher ×5 |
| 26:03 | Create | Skirmisher ×5 |
| 26:47 | Create | Villager (Male) |
| 27:07 | Create | Spearman |
| 27:07 | Create | Spearman |
| 27:49 | Research | Stone Mining |
| 28:20 | Create | Spearman |
| 28:31 | Age | Castle Age |
| 28:48 | Build | Town Center |
| 29:09 | Build | Krepost |
| 29:12 | Create | Spearman |
| 29:12 | Create | Spearman |
| 29:14 | Create | Skirmisher |
| 29:14 | Create | Skirmisher |
| 29:27 | Build | Farm |
| 29:29 | Build | Farm |
Build order — PeacefulFarmer
First 150 of 228 actions detected
| 0:01 | Create | Villager (Male) |
| 0:01 | Create | Villager (Male) |
| 0:01 | Create | Villager (Male) |
| 0:01 | Create | Villager (Male) |
| 0:01 | Create | Villager (Male) |
| 0:01 | Create | Villager (Male) |
| 0:03 | Build | House |
| 0:05 | Build | House |
| 1:37 | Create | Villager (Male) |
| 1:37 | Create | Villager (Male) |
| 1:37 | Create | Villager (Male) |
| 1:37 | Create | Villager (Male) |
| 1:37 | Create | Villager (Male) |
| 1:37 | Create | Villager (Male) |
| 1:53 | Create | Villager (Male) |
| 1:53 | Create | Villager (Male) |
| 1:53 | Create | Villager (Male) |
| 1:53 | Create | Villager (Male) |
| 1:53 | Create | Villager (Male) |
| 1:54 | Create | Villager (Male) |
| 2:30 | Create | Villager (Male) |
| 2:30 | Create | Villager (Male) |
| 2:30 | Create | Villager (Male) |
| 2:30 | Create | Villager (Male) |
| 2:30 | Create | Villager (Male) |
| 2:30 | Create | Villager (Male) |
| 2:30 | Create | Villager (Male) |
| 2:30 | Create | Villager (Male) |
| 2:35 | Create | Villager (Male) |
| 2:35 | Create | Villager (Male) |
| 2:35 | Create | Villager (Male) |
| 2:35 | Create | Villager (Male) |
| 2:35 | Create | Villager (Male) |
| 2:35 | Create | Villager (Male) |
| 3:17 | Create | Villager (Male) |
| 3:17 | Create | Villager (Male) |
| 3:17 | Create | Villager (Male) |
| 3:17 | Create | Villager (Male) |
| 3:18 | Create | Villager (Male) |
| 3:18 | Create | Villager (Male) |
| 3:18 | Create | Villager (Male) |
| 3:18 | Create | Villager (Male) |
| 3:18 | Create | Villager (Male) |
| 3:44 | Create | Villager (Male) |
| 3:44 | Create | Villager (Male) |
| 3:45 | Create | Villager (Male) |
| 3:45 | Create | Villager (Male) |
| 3:45 | Create | Villager (Male) |
| 3:45 | Create | Villager (Male) |
| 4:02 | Build | House |
| 4:09 | Create | Villager (Male) |
| 4:09 | Create | Villager (Male) |
| 4:09 | Create | Villager (Male) |
| 4:09 | Create | Villager (Male) |
| 4:09 | Create | Villager (Male) |
| 4:10 | Create | Villager (Male) |
| 4:19 | Create | Villager (Male) |
| 4:20 | Create | Villager (Male) |
| 4:20 | Create | Villager (Male) |
| 4:20 | Create | Villager (Male) |
| 4:20 | Create | Villager (Male) |
| 4:20 | Create | Villager (Male) |
| 4:23 | Build | House |
| 5:04 | Build | Mill |
| 5:45 | Research | Loom |
| 6:21 | Research | Feudal Age |
| 7:47 | Build | Barracks |
| 8:08 | Create | Villager (Male) |
| 8:28 | Create | Militia |
| 8:31 | Age | Feudal Age |
| 8:51 | Build | Stable |
| 8:59 | Build | Watch Tower |
| 9:03 | Create | Militia |
| 9:03 | Create | Villager (Male) |
| 9:06 | Research | Town Watch |
| 9:34 | Create | Scout Cavalry |
| 10:28 | Create | Villager (Male) |
| 10:42 | Build | House |
| 10:51 | Build | Archery Range |
| 11:18 | Create | Villager (Male) |
| 11:31 | Build | Farm |
| 11:33 | Build | Farm |
| 11:51 | Build | Farm |
| 11:58 | Create | Villager (Male) |
| 12:04 | Build | Farm |
| 12:32 | Build | Palisade Wall |
| 12:33 | Build | Palisade Wall |
| 12:34 | Build | Palisade Wall |
| 12:43 | Create | Villager (Male) |
| 12:47 | Build | Farm |
| 12:50 | Build | Farm |
| 13:13 | Create | Villager (Male) |
| 13:25 | Build | Farm |
| 13:28 | Build | Farm |
| 13:31 | Create | Archer |
| 13:41 | Create | Villager (Male) |
| 14:03 | Create | Archer |
| 14:11 | Create | Villager (Male) |
| 14:24 | Build | Palisade Wall |
| 14:31 | Create | Scout Cavalry |
| 14:40 | Build | Farm |
| 14:49 | Create | Villager (Male) |
| 14:54 | Build | Blacksmith |
| 15:12 | Create | Scout Cavalry |
| 15:13 | Create | Archer |
| 15:20 | Build | House |
| 15:22 | Build | House |
| 15:38 | Create | Villager (Male) |
| 15:42 | Build | House |
| 15:51 | Create | Archer |
| 15:52 | Create | Scout Cavalry |
| 16:07 | Build | Farm |
| 16:34 | Create | Villager (Male) |
| 16:50 | Build | Mule Cart |
| 17:00 | Build | House |
| 17:01 | Create | Villager (Male) |
| 17:33 | Build | Farm |
| 17:34 | Create | Villager (Male) |
| 17:37 | Create | Scout Cavalry |
| 17:38 | Build | Farm |
| 17:55 | Create | Villager (Male) |
| 18:02 | Create | Villager (Male) |
| 18:31 | Create | Villager (Male) |
| 18:36 | Build | Farm |
| 18:38 | Build | Farm |
| 18:50 | Create | Villager (Male) |
| 19:03 | Create | Scout Cavalry |
| 19:22 | Build | Archery Range |
| 19:44 | Create | Villager (Male) |
| 19:48 | Build | Farm |
| 19:54 | Build | Farm |
| 19:58 | Build | Farm |
| 20:08 | Create | Archer |
| 20:09 | Create | Scout Cavalry |
| 20:22 | Create | Archer |
| 20:23 | Create | Scout Cavalry |
| 20:30 | Build | House |
| 20:42 | Create | Archer |
| 20:43 | Create | Scout Cavalry |
| 21:04 | Create | Archer |
| 21:04 | Create | Archer |
| 21:25 | Create | Villager (Male) |
| 21:29 | Research | Fletching |
| 21:30 | Research | Scale Barding Armor |
| 21:50 | Create | Villager (Male) |
| 21:56 | Create | Archer |
| 22:01 | Build | Farm |
| 22:03 | Build | Farm |
| 22:07 | Research | Double-Bit Axe |
| 22:23 | Create | Villager (Male) |
Build order — unyagyu_QT
112 actions detected in the replay
| 0:01 | Create | Villager (Male) ×4 |
| 0:02 | Build | House |
| 0:04 | Build | House |
| 0:19 | Research | Loom |
| 1:57 | Build | Mill |
| 2:04 | Create | Villager (Male) |
| 3:14 | Create | Villager (Male) |
| 3:15 | Create | Villager (Male) |
| 3:15 | Create | Villager (Male) |
| 3:52 | Create | Villager (Male) |
| 3:53 | Create | Villager (Male) |
| 4:04 | Create | Villager (Male) |
| 4:43 | Create | Villager (Male) |
| 4:53 | Build | House |
| 5:10 | Create | Villager (Male) |
| 5:14 | Build | House |
| 5:48 | Create | Villager (Male) ×2 |
| 6:41 | Create | Villager (Male) ×3 |
| 6:49 | Build | Mill |
| 7:05 | Create | Villager (Male) |
| 7:43 | Create | Villager (Male) |
| 7:59 | Build | Lumber Camp |
| 8:49 | Create | Villager (Male) |
| 8:49 | Create | Villager (Male) |
| 9:14 | Create | Villager (Male) |
| 9:14 | Create | Villager (Male) |
| 9:21 | Build | Mining Camp |
| 10:12 | Create | Villager (Male) |
| 10:29 | Build | Barracks |
| 10:33 | Build | House |
| 11:19 | Research | Feudal Age |
| 11:55 | Build | Barracks |
| 11:57 | Create | Militia ×2 |
| 12:22 | Build | House |
| 12:31 | Create | Militia |
| 12:52 | Create | Militia ×5 |
| 13:24 | Build | House |
| 13:29 | Age | Feudal Age |
| 13:43 | Research | Man-at-Arms (upgrade) |
| 14:11 | Create | Militia ×5 |
| 14:12 | Create | Militia ×5 |
| 14:35 | Create | Militia |
| 14:47 | Create | Villager (Male) |
| 15:02 | Create | Militia |
| 15:02 | Create | Militia |
| 15:40 | Create | Militia |
| 16:39 | Build | Market |
| 16:42 | Build | House |
| 16:44 | Create | Villager (Male) |
| 17:39 | Create | Militia |
| 17:45 | Build | Archery Range |
| 17:46 | Build | Archery Range |
| 17:49 | Build | House |
| 17:50 | Build | House |
| 17:51 | Build | House |
| 17:58 | Build | Farm |
| 18:02 | Build | Farm |
| 18:09 | Build | Blacksmith |
| 18:53 | Create | Skirmisher ×5 |
| 18:58 | Create | Militia ×2 |
| 18:58 | Create | Militia ×2 |
| 19:16 | Build | Farm |
| 19:17 | Build | Farm |
| 19:18 | Build | Farm |
| 19:22 | Build | House |
| 19:49 | Create | Militia |
| 20:06 | Build | Farm |
| 20:18 | Create | Villager (Male) ×2 |
| 20:18 | Create | Villager (Male) ×2 |
| 20:46 | Create | Militia |
| 21:20 | Create | Militia ×2 |
| 21:39 | Build | Farm |
| 21:40 | Build | Farm |
| 21:42 | Create | Villager (Male) |
| 21:50 | Build | Farm |
| 21:51 | Build | Farm |
| 21:53 | Build | Farm |
| 22:04 | Create | Militia |
| 22:04 | Create | Militia |
| 22:08 | Create | Skirmisher |
| 22:44 | Create | Militia ×2 |
| 22:54 | Build | Farm |
| 23:03 | Create | Villager (Male) ×3 |
| 23:21 | Create | Skirmisher ×3 |
| 23:41 | Build | Watch Tower |
| 23:46 | Create | Militia ×2 |
| 23:46 | Create | Militia ×2 |
| 23:57 | Build | Farm |
| 24:02 | Build | Farm |
| 24:09 | Create | Militia ×2 |
| 24:09 | Create | Militia ×2 |
| 24:23 | Research | Fletching |
| 24:33 | Create | Skirmisher |
| 25:03 | Build | Farm |
| 25:28 | Build | House |
| 25:29 | Build | House |
| 25:41 | Build | Farm |
| 26:04 | Create | Skirmisher ×4 |
| 27:21 | Create | Villager (Male) |
| 27:21 | Create | Villager (Male) |
| 28:55 | Research | Castle Age |
| 29:15 | Create | Militia ×4 |
| 29:15 | Create | Militia ×4 |
| 30:15 | Create | Militia ×5 |
| 31:16 | Build | Farm |
| 31:35 | Age | Castle Age |
| 31:47 | Create | Villager (Male) ×5 |
| 32:44 | Create | Villager (Male) ×5 |
| 32:58 | Build | Mining Camp |
| 33:08 | Research | Double-Bit Axe |
| 34:00 | Build | Siege Workshop |
| 34:13 | Research | Bow Saw |
Match timeline
| 7:47 | PeacefulFarmer · first_building Barracks |
| 8:04 | peterbrny · first_building Barracks |
| 8:31 | PeacefulFarmer · age_up feudal |
| 8:51 | PeacefulFarmer · first_building Stable |
| 8:54 | Léon · first_building Barracks |
| 9:41 | peterbrny · age_up feudal |
| 9:55 | Léon · wall_segment Palisade Wall x8 |
| 10:29 | unyagyu_QT · first_building Barracks |
| 10:36 | Léon · wall_segment Palisade Wall x1 |
| 10:40 | Léon · age_up feudal |
| 10:51 | PeacefulFarmer · first_building Archery Range |
| 12:32 | PeacefulFarmer · wall_segment Palisade Wall x1 |
| 12:33 | PeacefulFarmer · wall_segment Palisade Wall x1 |
| 12:34 | PeacefulFarmer · wall_segment Palisade Wall x1 |
| 12:51 | peterbrny · first_building Archery Range |
| 13:20 | Léon · first_building Archery Range |
| 13:29 | unyagyu_QT · age_up feudal |
| 14:24 | PeacefulFarmer · wall_segment Palisade Wall x5 |
| 14:44 | Léon · wall_segment Palisade Wall x4 |
| 14:52 | Léon · wall_segment Palisade Wall x5 |
| 16:54 | Léon · wall_segment Palisade Wall x1 |
| 16:56 | Léon · wall_segment Palisade Wall x1 |
| 17:28 | Léon · wall_segment Palisade Wall x1 |
| 17:45 | unyagyu_QT · first_building Archery Range |
| 18:48 | unyagyu_QT · first_market_sell 100 wood |
| 18:49 | unyagyu_QT · first_market_buy 100 food |
| 22:17 | peterbrny · wall_segment Palisade Wall x1 |
| 23:09 | PeacefulFarmer · wall_segment Palisade Wall x15 |
| 23:20 | Léon · first_market_buy 100 food |
| 26:01 | Léon · age_up castle |
| 26:48 | Léon · first_market_sell 100 wood |
| 27:05 | Léon · first_building Krepost |
| 27:21 | PeacefulFarmer · wall_segment Palisade Wall x6 |
| 27:49 | PeacefulFarmer · wall_segment Palisade Wall x11 |
| 28:31 | peterbrny · age_up castle |
| 28:57 | Léon · first_building Siege Workshop |
| 29:08 | PeacefulFarmer · wall_segment Palisade Wall x1 |
| 29:09 | peterbrny · first_building Krepost |
| 29:10 | PeacefulFarmer · wall_segment Palisade Wall x3 |
| 29:17 | PeacefulFarmer · wall_segment Palisade Wall x2 |
| 29:21 | PeacefulFarmer · wall_segment Palisade Wall x1 |
| 30:08 | peterbrny · first_building Siege Workshop |
| 30:23 | PeacefulFarmer · tribute_sent a jugador 1 |
| 30:23 | PeacefulFarmer · tribute_sent a jugador 2 |
| 30:23 | PeacefulFarmer · tribute_sent a jugador 4 |
| 30:34 | PeacefulFarmer · age_up castle |
| 30:48 | PeacefulFarmer · first_building Monastery |
| 31:35 | unyagyu_QT · age_up castle |
| 32:34 | PeacefulFarmer · first_building Siege Workshop |
| 32:57 | PeacefulFarmer · first_building Castle |
| 34:00 | unyagyu_QT · first_building Siege Workshop |
| 34:18 | peterbrny · resign |
[ AI ANALYSIS · 1 CREDIT ]
What really happened in this match?
Wolo.gg analyzes every decision: build order, eco, micro, common mistakes by bracket. Personalized analysis on WhatsApp or Discord in 30 seconds.
Civ guide
Bulgarians
Perfil
Jugador #393589